 Dungeon Crawl Stone Soup version 0.28-a0-410-gbef64dd269 (webtiles) character file.

Game seed: 15762095524441510618

2 dolemite99 the Shooter (level 1, 0/18 HPs)
             Began as a Minotaur Hunter on Sept 6, 2021.
             Succumbed to a kobold's poison
             ... on level 1 of the Dungeon.
             The game lasted 00:00:16 (142 turns).

dolemite99 the Shooter (Minotaur Hunter)             Turns: 142, Time: 00:00:17

Health: 0/18       AC:  3    Str: 16    XL:     1   Next: 33%
Magic:  0/0        EV: 11    Int:  8    God:
Gold:   18         SH:  0    Dex: 10    Spells: 0/0 levels left

rFire   . . .      SeeInvis .   a - +1 shortbow
rCold   . . .      Faith    .   (shield currently unavailable)
rNeg    . . .      Spirit   .   c - +0 leather armour
rPois   .          Reflect  .   (helmet restricted)
rElec   .          Harm     .   (no cloak)
rCorr   .          Rampage  .   (no gloves)
Will    .....                   (no boots)
Stlth   +.........              (no amulet)
HPRegen 0.06/turn               (no ring)
MPRegen 0.07/turn               (no ring)

@: lethally poisoned (0 -> -11)
A: horns 2, retaliatory headbutt
a: no special abilities


You were on level 1 of the Dungeon.
You visited 1 branch of the dungeon, and saw 1 of its levels.

You collected 18 gold pieces.

Inventory:

Hand Weapons
 a - a +1 shortbow (weapon)
 b - a +0 short sword
Missiles
 d - 24 arrows (quivered ammo)
 f - 12 stones
Armour
 c - a +0 leather armour (worn)
Scrolls
 e - 2 scrolls of teleportation {unknown}


   Skills:
 - Level 2.4 Fighting
 + Level 4.5 Bows
 - Level 2.1 Dodging
 - Level 0.7 Stealth


You couldn't memorise any spells.
You didn't know any spells.
Your spell library was empty.

Dungeon Overview and Level Annotations

Branches:
Dungeon (1/15)

Altars:


Innate Abilities, Weirdness & Mutations

You have a pair of horns on your head.
You reflexively headbutt those who attack you in melee.


Message History

A kobold comes into view. It is wielding a +0 dagger of venom.
Found 7 gold pieces.
The kobold shouts!
The kobold throws a stone.
The stone barely misses you.
A kobold is nearby!
You start waiting.
A kobold is nearby!
You shoot an arrow. The arrow hits the kobold.
The kobold is moderately wounded.
You shoot an arrow. The arrow closely misses the kobold.
The kobold hits you with a +0 dagger of venom.
You are poisoned.
You shoot an arrow. The arrow closely misses the kobold.
You feel very sick. The kobold misses you.
You shoot an arrow. The arrow hits the kobold.
The kobold is heavily wounded.
You feel sick. The kobold hits you but does no damage.
You are lethally poisoned!
Fire: 27 arrows
Press: ? - help, Q - select action, (/) - cycle Shift-Dir - straight line, f/p - kobold
Aim: a kobold, wielding a +0 dagger of venom and quivering stones (heavily wounded, 53% to hit)
You shoot an arrow. The arrow closely misses the kobold.
You feel very sick.
The kobold hits you with a +0 dagger of venom.
You aren't carrying any potions.
Unknown command.
Fire: 26 arrows
Press: ? - help, Q - select action, (/) - cycle Shift-Dir - straight line, f/p - kobold
Aim: a kobold, wielding a +0 dagger of venom and quivering stones (heavily wounded, 53% to hit)
You shoot an arrow. The arrow closely misses the kobold.
* * * LOW HITPOINT WARNING * * *
You feel very sick. The kobold barely misses you.
Fire: 25 arrows
Press: ? - help, Q - select action, (/) - cycle Shift-Dir - straight line, f/p - kobold
Aim: a kobold, wielding a +0 dagger of venom and quivering stones (heavily wounded, 53% to hit)
You shoot an arrow. The arrow hits the kobold.
You kill the kobold!
You die...

#.### #........# '##
#.######.# +..# .##
#......# ...# ..#
######.# ....# ..###
#.....### ##....# ....#
#.###...##......# ⌠....+
####'....⌠..#
.......###+###.........#
.........(...(.)@......#
##########..########...#
#.## .## #......# #
(.......# .(........
........... ..(........K
............^


There were no monsters in sight!

Vanquished Creatures
  An endoplasm (D:1)
  2 kobolds (D:1)
3 creatures vanquished.

Notes
Turn   | Place    | Note
-------+----------+-------------------------------------------
     0 | D:1      | dolemite99 the Minotaur Hunter began the quest for the Orb.
     0 | D:1      | Reached XP level 1. HP: 18/18 MP: 0/0
   142 | D:1      | Succumbed to a kobold's poison

Illustrated notes

Levels and vault maps discovered:
D:1:      nicolae_arrival_somewhat_less_tricky_arrival, layout_rooms,
          chequers_ecumenical_altar_twisty, minmay_tetromino_s2

Action                   || total
-------------------------++-------
 Fire: Shortbow          ||    10
Armor: Leather armour    ||     1
Dodge: Dodged            ||     3

Table legend: (Time is in decaauts)
 A = Elapsed time spent in this place.
 B = Non-inter-level travel time spent in this place.
 C = Inter-level travel time spent in this place.
 D = Time resting spent in this place.
 E = Time spent auto-exploring this place.
 F = Levels seen in this place.
 G = Mean time per level.
                   A        B        C        D        E       F      G
               +--------+--------+--------+--------+--------+-----+--------+
         Total |    142 |    142 |      0 |      7 |    104 |   1 |  142.0 |
       Dungeon |    142 |    142 |      0 |      7 |    104 |   1 |  142.0 |
               +--------+--------+--------+--------+--------+-----+--------+

Top non-repeatable levels by time:
     D:1: 142 daAuts
